Map: 애씨드 플랜트 - 래더

Players

Creator

  • Race: Protoss Protoss
  • League: Master
  • Spawn Location: 5:00

goblin - Winner!

  • Race: Protoss Protoss
  • Spawn Location: 11:00

Event: HomeStory Cup XVIII

VOD

Have the link to the VOD?

Description

Time

  • Played on: Nov. 22, 2018, 11:12 a.m.
  • Length: 5:52

All games in this series

Show
View Real Time Build Order
Export as new Build Order

Creator Protoss 

Build Orders: Phoenix Opening, Proxy Void Ray 

Get SALT Encoding   

  12  0:00  Probe  
  13  0:12  Probe  
  14  0:16  Pylon  
  14  0:24  Probe  
  15  0:32  Probe  
  15  0:36  Gateway  
  15  0:40  Probe  
  16  0:45  Assimilator  
  17  0:51  Probe  
  17  0:53  Assimilator  
  18  0:59  Probe  
  19  1:06  Gateway  
  19  1:07  Probe  
  19  1:17  Probe  
  20  1:24  Cybernetics Core  
  21  1:29  Probe  
  22  1:34  Pylon  
  22  1:41  Probe  
  23  1:53  Probe  
  24  2:00  Sentry, Stalker  
  24  2:01  Warp Gate  
  28  2:10  Probe  
  28  2:11  Pylon  
  29  2:34  Phoenix  
  29  2:35  Stargate  
  29  2:42  Nexus  
  28  2:53  Stalker  
  30  2:58  Stalker  
  32  3:08  Shield Battery  
  32  3:09  Probe  
  33  3:20  Void Ray  
  33  3:26  Shield Battery  
  37  3:43  Pylon  
  37  3:52  Void Ray  
  37  4:02  Stalker  
  39  4:05  Shield Battery  
  43  4:14  Shield Battery x2  
  43  4:15  Stalker  
  45  4:20  Probe  
  46  4:30  Shield Battery  
  46  4:34  Stalker  
  46  4:35  Void Ray  
  42  4:43  Stalker  
  44  4:59  Stalker  
  44  5:09  Stalker  
  44  5:10  Shield Battery  
  46  5:24  Shield Battery  
  38  5:29  Stalker  
  36  5:38  Stalker  
Show
View Real Time Build Order
Export as new Build Order

goblin Protoss - Winner!

Build Orders:  

Get SALT Encoding   

  12  0:00  Probe  
  13  0:13  Probe  
  14  0:19  Pylon  
  14  0:24  Probe  
  15  0:33  Probe  
  15  0:38  Gateway  
  15  0:41  Probe  
  17  0:51  Probe, Assimilator  
  17  0:56  Assimilator  
  18  0:59  Probe  
  19  1:07  Probe  
  19  1:09  Gateway  
  20  1:19  Probe  
  20  1:25  Cybernetics Core  
  21  1:31  Probe  
  22  1:36  Pylon  
  22  1:43  Probe  
  23  1:55  Probe, Warp Gate  
  24  2:04  Adept x2  
  24  2:07  Probe  
  29  2:09  Pylon  
  29  2:33  Adept x2  
  32  2:40  Robotics Facility  
  32  2:53  Gateway  
  32  3:00  Stalker x2  
  36  3:17  Pylon  
  36  3:18  Warp Prism  
  38  3:37  Shield Battery  
  38  3:57  Stalker x3  
  38  4:01  Pylon  
  45  4:02  Observer  
  45  4:22  Stalker  
  45  4:23  Stalker x2  
  43  4:48  Stalker x2  
  43  4:49  Stalker  
  49  5:13  Stalker x2  
  49  5:14  Stalker  
  51  5:38  Stalker x2  
  51  5:51  Pylon  
Tags
 
Add a new tag
Caveats
  • Supply blocks, unpowered buildings, or Contaminate may cause inaccurate times.
  • Supply counts are checked every 10 seconds.